AoeStats
← Hector

Black Forest

507474197Analyzed
4v4 RM · 13d ago on Sep 18, 2026· 42m 25s· 8 players
Game mode
Random Map
Map size
Large (8 player)
Population
200
Speed
Normal
Resources
Standard
Victory
Conquest
Starting age
Dark Age
Ending age
Imperial Age
RankedLock teamsTeams togetherTeam positionsShared explorationLock speedFull tech treeHidden civsTurbo modeCheats
Victory
Defeat
🇦🇷 Bohemians · Argentina
1540
+12
🇨🇳 Saracens · China
1480
+14
1408
+17
🇦🇹 Celts · Austria
1391
+19
🇨🇳 Poles · China
1453
-16
🇦🇿 Huns · Azerbaijan
1451
-16
🇮🇩 Bulgarians · Indonesia
1429
-15
🇦🇹 Mongols · Austria
1420
-15
RafixRuche
0:51 Loom
10:53 Feudal Age
14:40 Castle Age
13:09 Double-Bit Axe
14:12 Gold Mining
15:39 Bow Saw
22:05 Scale Barding Armor
23:04 Forging
23:46 Horse Collar
31:20 Imperial Age
30:01 Scale Mail Armor
31:10 Iron Casting
31:02 Heavy Plow
31:48 Wheelbarrow
31:53 Gold Shaft Mining
31:10 Gambesons
31:50 Chain Mail Armor
32:32 Squires
32:48 Stone Mining
33:46 Plate Mail Armor
35:03 Blast Furnace
37:55 Bagains
39:59 Conscription
40:57 Stone Shaft Mining
我放了个屁她顺风追了
1:09 Loom
11:38 Feudal Age
16:10 Castle Age
14:53 Double-Bit Axe
15:04 Horse Collar
17:49 Wheelbarrow
23:58 Bow Saw
23:53 Town Watch
29:10 Imperial Age
26:35 Gold Mining
27:26 Ballistics
28:13 Fletching
28:41 Hand Cart
28:48 Bodkin Arrow
28:53 Padded Archer Armor
29:45 Thumb Ring
30:16 Conscription
30:00 Husbandry
30:15 Bloodlines
30:43 Parthian Tactics
31:06 Bracer
31:22 Leather Archer Armor
32:41 Chemistry
33:10 Two-Man Saw
32:42 Heavy Cavalry Archer
32:47 Light Cavalry
33:23 Hussar
34:25 Scale Barding Armor
34:31 Forging
36:00 Capped Ram
37:20 Caravan
37:46 Chain Barding Armor
Webmaster
0:48 Loom
13:06 Feudal Age
14:13 Double-Bit Axe
14:10 Horse Collar
20:12 Castle Age
22:02 Heavy Plow
22:15 Bow Saw
24:34 Wheelbarrow
27:03 Hand Cart
27:16 Fletching
27:27 Padded Archer Armor
27:42 Stone Mining
27:43 Gold Mining
31:26 Imperial Age
30:36 Bodkin Arrow
30:57 Leather Archer Armor
32:08 Bracer
32:10 Husbandry
31:58 Capped Ram
33:11 Conscription
33:22 Ballistics
33:55 Caravan
35:11 Chemistry
34:51 Gold Shaft Mining
34:54 Thumb Ring
34:46 Elite Mangudai
36:11 Siege Ram
37:23 Drill
37:18 Nomads
38:24 Stone Shaft Mining
37:23 Onager
39:58 Siege Onager
40:30 Heavy Scorpion
825889483
11:34 Feudal Age
15:08 Castle Age
13:19 Double-Bit Axe
15:07 Horse Collar
15:53 Heavy Plow
28:08 Imperial Age
25:27 Loom
25:28 Town Watch
26:19 Wheelbarrow
25:52 Gold Mining
26:04 Stone Mining
28:25 Coinage
28:57 Scale Barding Armor
29:15 Szlachta Privileges
29:31 Conscription
29:11 Cavalier
30:01 Bloodlines
29:52 Husbandry
31:00 Chain Barding Armor
30:52 Forging
33:23 Iron Casting
34:16 Chemistry
35:09 Blast Furnace
36:03 Light Cavalry
38:03 Crop Rotation
37:22 Winged Hussar
39:10 Bow Saw
41:58 Fletching
42:08 Padded Archer Armor
[QHB] Tony
0:32 Loom
11:57 Feudal Age
12:49 Double-Bit Axe
18:40 Castle Age
17:13 Horse Collar
19:47 Bow Saw
20:54 Wheelbarrow
26:39 Heavy Plow
28:04 Gold Mining
28:05 Stone Mining
32:17 Imperial Age
30:27 Scale Barding Armor
30:12 Light Cavalry
31:04 Bloodlines
30:55 Husbandry
32:34 Forging
33:23 Chain Barding Armor
34:19 Elite Mameluke
35:46 Conscription
36:28 Plate Barding Armor
36:33 Iron Casting
38:42 Blast Furnace
37:35 Fletching
37:45 Padded Archer Armor
37:46 Scale Mail Armor
40:38 Onager
Hector
10:41 Feudal Age
14:17 Castle Age
12:19 Double-Bit Axe
12:15 Horse Collar
15:22 Bow Saw
15:13 Heavy Plow
23:47 Wheelbarrow
24:05 Loom
25:46 Gold Mining
25:49 Stone Mining
26:40 Hand Cart
30:56 Imperial Age
28:30 Scale Mail Armor
28:36 Town Watch
29:38 Coinage
29:58 Treadmill Crane
31:10 Onager
31:11 Capped Ram
32:15 Conscription
32:02 Siege Engineers
31:36 Pikeman
32:18 Scale Mail Armor
32:29 Forging
32:19 Siege Ram
33:12 Furor Celtica
32:43 Halberdier
34:09 Chain Mail Armor
34:29 Iron Casting
34:56 Chemistry
35:35 Plate Mail Armor
34:52 Arson
35:53 Siege Onager
36:56 Caravan
37:24 Masonry
37:58 Banking
37:39 Guilds
40:32 Blast Furnace
玩印度的哥们硬不起来
5:25 Loom
11:00 Feudal Age
11:54 Double-Bit Axe
14:36 Castle Age
13:29 Horse Collar
15:28 Wheelbarrow
16:19 Bow Saw
20:38 Heavy Plow
22:37 Stone Mining
23:32 Gold Mining
25:38 Gold Shaft Mining
25:43 Hand Cart
30:24 Imperial Age
28:03 Fletching
28:13 Padded Archer Armor
28:38 Ballistics
27:59 Treadmill Crane
28:11 Guard Tower
29:12 Yasama
29:14 Bodkin Arrow
29:57 Bloodlines
29:47 Husbandry
30:12 Thumb Ring
30:59 Leather Archer Armor
31:07 Masonry
31:27 Conscription
31:35 Parthian Tactics
31:47 Bracer
32:50 Chemistry
33:06 Two-Man Saw
33:13 Kataparuto
32:26 Heavy Cavalry Archer
34:50 Keep
34:42 Siege Engineers
36:07 Ring Archer Armor
38:09 Scale Mail Armor
38:19 Forging
40:53 Caravan
41:04 Murder Holes
[QHB]Hammer warriors
6:51 Loom
11:25 Feudal Age
12:10 Double-Bit Axe
16:02 Castle Age
16:26 Horse Collar
16:56 Bow Saw
19:37 Heavy Plow
24:31 Fervor
28:55 Imperial Age
27:06 Wheelbarrow
29:52 Chemistry
30:52 Pikeman
31:33 Squires
31:36 Scale Mail Armor
31:35 Halberdier
33:28 Hand Cart
37:40 Padded Archer Armor
39:51 Leather Archer Armor
39:53 Chain Mail Armor
40:29 Forging
Connection lost

Rejoining the realm…

Still unreachable

The connection could not be restored.

Session expired

The server has moved on; the page needs a fresh start.